 Dungeon Crawl Stone Soup version 0.29-a0-19-gef7f3e67aa (webtiles) character file.

Game seed: 15163614165567147800

5212 Gargoyl the Fighter (level 10, 0/90 HPs)
             Began as a Gnoll Abyssal Knight on Jan 29, 2022.
             Was a Priest of Lugonu.
             Slain by a vampire (9 damage)
             ... on level 9 of the Dungeon.
             The game lasted 00:13:50 (11901 turns).

Gargoyl the Fighter (Gnoll Abyssal Knight)         Turns: 11901, Time: 00:13:50

Health: 0/90       AC: 22    Str: 23    XL:     10   Next: 61%
Magic:  16/16      EV: 10    Int: 10    God:    Lugonu [***...]
Gold:   319        SH:  6    Dex: 12    Spells: 19/19 levels left

rFire   . . .      SeeInvis .   b - +2 hand axe (flame)
rCold   . . .      Faith    .   v - +1 buckler
rNeg    . . .      Spirit   .   q - +2 chain mail {Will+}
rPois   .          Reflect  .   (no helmet)
rElec   .          Harm     .   z - +1 cloak
rCorr   .          Rampage  .   i - +2 pair of gloves
Will    +....                   (no boots)
Stlth   ..........              (no amulet)
HPRegen 0.00/turn               u - +6 ring of strength
MPRegen 0.15/turn               f - +4 ring of protection

@: inhibited regen
A: fangs 1, strong nose, distributed training, low MP 1, robust 1, inhibited
regeneration, MP-powered wands
a: Renounce Religion, Depart the Abyss, Bend Space, Banish


You were on level 9 of the Dungeon.
You worshipped Lugonu.
Lugonu was most pleased with you.
You visited 1 branch of the dungeon, and saw 9 of its levels.
You visited the Abyss 1 time.

You collected 461 gold pieces.
You spent 142 gold pieces at shops.

Inventory:

Hand Weapons
 a - a +1 hand axe
 b - a +2 hand axe of flaming (weapon)
Missiles
 h - 9 boomerangs
 w - 19 poisoned darts (quivered)
Armour
 i - a +2 pair of gloves (worn)
 q - a +2 chain mail of willpower (worn)
 v - a +1 buckler (worn)
 z - a +1 cloak (worn)
Jewellery
 f - a +4 ring of protection (right hand)
 k - a ring of protection from cold
 n - a ring of wizardry
 o - a +4 ring of evasion
 u - a +6 ring of strength (left hand)
 A - a ring of positive energy
Wands
 e - a wand of acid (13)
 t - a wand of flame (8)
 y - a wand of charming (6)
 B - a wand of paralysis (9)
 E - a wand of iceblast (3)
Scrolls
 d - 2 scrolls of holy word
 m - a scroll of enchant armour
 p - a scroll of magic mapping
 r - a scroll of fear
Potions
 c - 6 potions of curing
 g - a potion of lignification
 j - a potion of cancellation
 l - 3 potions of brilliance
 s - a potion of heal wounds {unknown}
 x - a potion of attraction {unknown}
 D - a potion of magic
 G - 2 potions of flight {unknown}
 I - a potion of resistance {unknown}
Miscellaneous
 C - a lightning rod (4/4)


   Skills:
 + Level 8.6 Fighting
 + Level 5.4 Short Blades
 + Level 5.4 Long Blades
 + Level 7.2 Axes
 + Level 5.4 Maces & Flails
 + Level 5.4 Polearms
 + Level 5.4 Staves
 + Level 5.4 Slings
 + Level 5.4 Bows
 + Level 5.4 Crossbows
 + Level 5.4 Throwing
 + Level 7.2 Armour
 + Level 6.1 Dodging
 + Level 5.4 Stealth
 + Level 5.4 Shields
 + Level 5.4 Unarmed Combat
 + Level 5.4 Spellcasting
 + Level 4.5 Conjurations
 + Level 4.5 Hexes
 + Level 4.5 Summonings
 + Level 4.5 Necromancy
 + Level 4.5 Translocations
 + Level 4.5 Transmutations
 + Level 4.5 Fire Magic
 + Level 4.5 Ice Magic
 + Level 4.5 Air Magic
 + Level 4.5 Earth Magic
 + Level 4.5 Poison Magic
 + Level 7.6 Invocations
 + Level 5.4 Evocations


You had 19 spell levels left.
You didn't know any spells.
Your spell library contained the following spells:

 Spells                   Type           Power      Damage    Failure   Level
 Animate Skeleton         Necr           22%        N/A       28%         1
 Apportation              Tloc           22%        N/A       28%         1
 Sting                    Tmut/Pois      44%        1d5       28%         1
 Summon Small Mammal      Summ           44%        N/A       28%         1
 Ensorcelled Hibernation  Hex/Ice        22%        N/A       41%         2
 Poisonous Vapours        Pois/Air       22%        N/A       41%         2
 Static Discharge         Conj/Air       11%        N/A       41%         2
 Call Canine Familiar     Summ           11%        N/A       65%         3
 Dazzling Flash           Conj/Hex       22%        N/A       65%         3
 Spider Form              Tmut/Pois      11%        N/A       65%         3
 Summon Guardian Golem    Hex/Summ       11%        N/A       65%         3
 Anguish                  Hex/Necr       5%         N/A       96%         4
 Dispel Undead            Necr           11%        3d9       96%         4
 Olgreb's Toxic Radiance  Pois           11%        N/A       96%         4
 Sticky Flame             Conj/Fire      11%        2d3       96%         4
 Summon Lightning Spire   Summ/Air       11%        N/A       96%         4
 Summon Cactus Giant      Summ           5%         N/A       100%        6
 Orb of Destruction       Conj           5%         9d5       100%        7
 Spellforged Servitor     Conj/Summ      5%         N/A       100%        7


Dungeon Overview and Level Annotations

Branches:
Dungeon (9/15)             Temple (0/1) D:6
   Lair: D:8-11         Orc: D:9-12

Altars:
Ashenzari
Nemelex Xobeh
Okawaru
Trog
Vehumet
Xom

Shops:
D:4 [


Innate Abilities, Weirdness & Mutations

You have very sharp teeth.
Your uncanny sense of smell can sniff out nearby items.
Your experience applies equally to all skills.
Your magical capacity is low. (-10% MP)
You are robust. (+10% HP)
You do not regenerate when monsters are visible.
You expend magic power (3 MP) to strengthen your wands.


Message History

You miss something. Your bite misses something.
Something hits you but does no damage. Something bites you but does no damage.
You hit something but do no damage. Something hits you but does no damage.
Something bites you but does no damage.
You barely miss something.
You hear some strange, mumbled words.
Something tries to affect you, but you resist.
You hit something but do no damage. Something completely misses you.
Something bites you but does no damage.
You hit something but do no damage. You bite something. Something hits you!
Something bites you but does no damage.
You slash something! You burn something. Something hits you but does no damage.
Something bites you!
Something draws strength from your injuries!
You barely miss something. Something hits you but does no damage.
Something bites you but does no damage.
You miss something. Your bite misses something. Something hits you.
Something bites you but does no damage.
You miss something. Your bite misses something. Something hits you!
Something bites you but does no damage.
You hit something but do no damage. Something draws life force from you!
You hit something but do no damage.
You hear some strange, mumbled words.
Something tries to affect you, but you resist.
You miss something. Something hits you but does no damage. Something bites you.
Something draws strength from your injuries!
You hit something but do no damage. Something hits you but does no damage.
You block something's attack.
You hit something but do no damage. Something hits you!
* * * LOW HITPOINT WARNING * * *
Something bites you.
* * * LOW HITPOINT WARNING * * *
Something draws strength from your injuries!
You miss something. You bite something. Something hits you but does no damage.
Something bites you!
* * * LOW HITPOINT WARNING * * *
Something draws strength from your injuries!
You slash something! You burn something. Your bite misses something.
Something hits you!
You die...

#. # #.. . #.. .##.#
..#.#
#.#.################.#
................@{..$#
#..........###########
##..####)### #..##...#
#..##.### #..##.#
##.>##.# .......# #
.......#.#####


There were no monsters in sight!

Vanquished Creatures
  A deep elf pyromancer (D:9)
  Psyche (D:8)
  A troll (D:7)
  A wyvern (D:9)
  5 yaks (D:9)
  A steam dragon (D:8)
  An acid dragon (D:7)
  An ice beast (D:8)
  A sky beast (D:5)
  2 necrophages
  3 ogres
  5 centaurs
  2 phantoms
  3 kobold brigands
  5 bullfrogs
  2 scorpions
  A wyvern zombie (D:7)
  A water moccasin zombie (D:7)
  5 wights (D:8)
  2 howler monkeys
  2 centaur zombies
  2 bullfrog zombies
  4 hounds (D:5)
  Ijyb (D:5)
  An iguana (D:7)
  5 orc wizards
  4 gnolls
  3 adders
  2 white imps
  2 worms
  A dart slug (D:2)
  18 orcs
  2 endoplasms
  A giant cockroach (D:1)
  3 goblins
  4 hobgoblins
  8 quokkas
  3 ball pythons
  6 bats
  3 frilled lizards (D:1)
  22 kobolds
  5 rats
146 creatures vanquished.

Notes
Turn   | Place    | Note
-------+----------+-------------------------------------------
     0 | Abyss:1  | Gargoyl the Gnoll Abyssal Knight began the quest for the
                  | Orb.
     0 | Abyss:1  | Reached XP level 1. HP: 23/23 MP: 3/3
    52 | Abyss:1  | Noticed a small abomination
    53 | D:1      | Escaped the Abyss
   361 | D:1      | Reached XP level 2. HP: 28/29 MP: 5/5
   387 | D:1      | Reached * piety under Lugonu
   929 | D:1      | Reached XP level 3. HP: 31/35 MP: 6/6
  1721 | D:2      | Got the Almanac of Entrancing Companions
  1765 | D:2      | Found a faded altar of an unknown god.
  1953 | D:2      | Reached skill level 1 in Short Blades
  1953 | D:2      | Reached skill level 1 in Long Blades
  1953 | D:2      | Reached skill level 1 in Maces & Flails
  1953 | D:2      | Reached skill level 1 in Polearms
  1953 | D:2      | Reached skill level 1 in Staves
  1953 | D:2      | Reached skill level 1 in Slings
  1953 | D:2      | Reached skill level 1 in Bows
  1953 | D:2      | Reached skill level 1 in Crossbows
  1953 | D:2      | Reached skill level 1 in Throwing
  1953 | D:2      | Reached skill level 1 in Stealth
  1953 | D:2      | Reached skill level 1 in Shields
  1953 | D:2      | Reached skill level 1 in Unarmed Combat
  1953 | D:2      | Reached skill level 1 in Spellcasting
  1953 | D:2      | Reached skill level 1 in Evocations
  2157 | D:3      | Found a radiant altar of Vehumet.
  2699 | D:3      | Reached XP level 4. HP: 39/41 MP: 7/7
  2904 | D:4      | Found Taocivae's Antique Armour Shop.
  3094 | D:4      | Reached ** piety under Lugonu
  3096 | D:4      | Reached skill level 1 in Conjurations
  3096 | D:4      | Reached skill level 1 in Hexes
  3096 | D:4      | Reached skill level 1 in Summonings
  3096 | D:4      | Reached skill level 1 in Necromancy
  3096 | D:4      | Reached skill level 1 in Translocations
  3096 | D:4      | Reached skill level 1 in Transmutations
  3096 | D:4      | Reached skill level 1 in Fire Magic
  3096 | D:4      | Reached skill level 1 in Ice Magic
  3096 | D:4      | Reached skill level 1 in Air Magic
  3096 | D:4      | Reached skill level 1 in Earth Magic
  3096 | D:4      | Reached skill level 1 in Poison Magic
  3217 | D:4      | Noticed a phantom
  3248 | D:4      | Killed a phantom
  3249 | D:4      | Reached XP level 5. HP: 17/47 MP: 8/8
  3463 | D:4      | Noticed an ogre
  3478 | D:4      | Killed an ogre
  3479 | D:4      | Reached skill level 5 in Invocations
  3479 | D:4      | Reached XP level 6. HP: 18/53 MP: 9/9
  4001 | D:5      | Entered Level 5 of the Dungeon
  4085 | D:5      | Reached skill level 5 in Axes
  4085 | D:5      | Reached skill level 5 in Armour
  4204 | D:4      | Bought a shiny chain mail for 142 gold pieces
  4548 | D:5      | Reached XP level 7. HP: 43/59 MP: 10/10
  4715 | D:5      | Found a shimmering altar of Xom.
  4790 | D:5      | Reached skill level 7 in Fighting
  4913 | D:5      | Noticed Ijyb
  4946 | D:5      | HP: 4/90 [Ijyb (2)]
  4951 | D:5      | Killed Ijyb
  5405 | D:5      | HP: 3/60 [ogre (19)]
  6097 | D:5      | Reached XP level 8. HP: 53/67 MP: 12/12
  7019 | D:6      | Found a staircase to the Ecumenical Temple.
  7062 | D:6      | Found a sparkling altar of Nemelex Xobeh.
  7109 | D:6      | Found an iron altar of Okawaru.
  8035 | D:7      | Found a bloodstained altar of Trog.
  8502 | D:7      | Noticed a troll
  8562 | D:7      | Reached XP level 9. HP: 73/73 MP: 14/14
  8589 | D:7      | Killed a troll
  9305 | D:8      | Reached skill level 5 in Dodging
  9424 | D:8      | Reached *** piety under Lugonu
  9441 | D:8      | Reached skill level 8 in Fighting
 10245 | D:8      | Noticed Psyche
 10405 | D:8      | Killed Psyche
 10596 | D:8      | Reached XP level 10. HP: 68/80 MP: 17/17
 10665 | D:8      | Noticed a gargoyle
 10695 | D:8      | Banished a gargoyle
 10696 | D:8      | Reached skill level 5 in Short Blades
 10696 | D:8      | Reached skill level 5 in Long Blades
 10696 | D:8      | Reached skill level 5 in Maces & Flails
 10696 | D:8      | Reached skill level 5 in Polearms
 10696 | D:8      | Reached skill level 5 in Staves
 10696 | D:8      | Reached skill level 5 in Slings
 10696 | D:8      | Reached skill level 5 in Bows
 10696 | D:8      | Reached skill level 5 in Crossbows
 10696 | D:8      | Reached skill level 5 in Throwing
 10696 | D:8      | Reached skill level 5 in Stealth
 10696 | D:8      | Reached skill level 5 in Shields
 10696 | D:8      | Reached skill level 5 in Unarmed Combat
 10696 | D:8      | Reached skill level 5 in Spellcasting
 10696 | D:8      | Reached skill level 5 in Evocations
 11100 | D:9      | Gained mutation: You expend magic power (3 MP) to
                  | strengthen your wands. [potion of mutation]
 11100 | D:9      | Gained mutation: Your magical capacity is low. (-10% MP)
                  | [potion of mutation]
 11100 | D:9      | Gained mutation: You do not regenerate when monsters are
                  | visible. [potion of mutation]
 11100 | D:9      | Gained mutation: You are robust. (+10% HP) [potion of
                  | mutation]
 11574 | D:9      | Found a broken altar of Ashenzari.
 11574 | D:9      | Noticed a deep elf pyromancer
 11598 | D:9      | Killed a deep elf pyromancer
 11901 | D:9      | Slain by a vampire

Illustrated notes

Levels and vault maps discovered:
D:1:      shiori_arrival_oz, layout_loops_ring, kennysheep_nondescript
D:2:      layout_basic, shapermc_ecumenical_altar_mp_vishouse, glass_columns_a
D:3:      layout_basic, mainiacjoe_overflow_small_starburst
D:4:      layout_rooms, serial_shops, nicolae_inconvenience_store
D:5:      layout_loops_cross, lemuel_doored_altar,
          nicolae_overflow_hidden_temple, uniq_ijyb
D:6:      layout_rooms, nemelex_diamond_rough_becter,
          nicolae_overflow_crystal_walls, minmay_temple_entry_arrows
D:7:      kennysheep_big_flooded_room, layout_cave_pools,
          mainiacjoe_overflow_brackets, minmay_misc_feat_five
D:8:      minmay_chambers_of_fours, layout_cave_pods, minmay_misc_feat_roman,
          uniq_psyche
D:9:      layout_basic, mainiacjoe_overflow_concentric_impassable, david_orc_5

Skill      XL: |  1  2  3  4  5  6  7  8  9 10 |
---------------+-------------------------------+-----
Short Blades   | 1 2 3 4 5 |  5.4
Long Blades    | 1 2 3 4 5 |  5.4
Maces & Flails | 1 2 3 4 5 |  5.4
Polearms       | 1 2 3 4 5 |  5.4
Staves         | 1 2 3 4 5 |  5.4
Slings         | 1 2 3 4 5 |  5.4
Bows           | 1 2 3 4 5 |  5.4
Crossbows      | 1 2 3 4 5 |  5.4
Throwing       | 1 2 3 4 5 |  5.4
Stealth        | 1 2 3 4 5 |  5.4
Shields        | 1 2 3 4 5 |  5.4
Unarmed Combat | 1 2 3 4 5 |  5.4
Spellcasting   | 1 2 3 4 5 |  5.4
Evocations     | 1 2 3 4 5 |  5.4
Conjurations   | 1 2 3 4 |  4.5
Hexes          | 1 2 3 4 |  4.5
Summonings     | 1 2 3 4 |  4.5
Necromancy     | 1 2 3 4 |  4.5
Translocations | 1 2 3 4 |  4.5
Transmutations | 1 2 3 4 |  4.5
Fire Magic     | 1 2 3 4 |  4.5
Ice Magic      | 1 2 3 4 |  4.5
Air Magic      | 1 2 3 4 |  4.5
Earth Magic    | 1 2 3 4 |  4.5
Poison Magic   | 1 2 3 4 |  4.5
Dodging        | 3 4 5 6 |  6.1
Invocations    | 5 6 7 |  7.6
Axes           | 5 6 7 |  7.2
Armour         | 5 6 7 |  7.2
Fighting       | 7 8 |  8.6

Action                   |  1- 3 |  4- 6 |  7- 9 | 10-12 || total
-------------------------+-------+-------+-------+-------++-------
Melee: Hand axe          |   107 |   154 |   432 |   118 ||   811
       Bite              |     8 |    18 |    55 |    17 ||    98
       Punch             |     1 |     2 |     4 |       ||     7
Throw: Boomerang         |       |     5 |     9 |       ||    14
       Dart              |       |       |    22 |       ||    22
Invok: Depart the Abyss  |     1 |       |       |       ||     1
       Bend Space        |       |       |     7 |       ||     7
       Banish            |       |       |     1 |     1 ||     2
Evoke: Wand              |       |       |     6 |       ||     6
  Use: Scroll            |     3 |     2 |    10 |     2 ||    17
       Potion            |       |     1 |     6 |     3 ||    10
Armor: Leather armour    |    19 |       |       |       ||    19
       Ring mail         |    27 |    39 |       |       ||    66
       Chain mail        |       |    32 |   361 |    56 ||   449
       Skin              |       |       |     7 |     7 ||    14
Dodge: Dodged            |    80 |    74 |   222 |    29 ||   405
Block: Buckler           |       |       |    83 |    28 ||   111

Table legend: (Time is in decaauts)
 A = Elapsed time spent in this place.
 B = Non-inter-level travel time spent in this place.
 C = Inter-level travel time spent in this place.
 D = Time resting spent in this place.
 E = Time spent auto-exploring this place.
 F = Levels seen in this place.
 G = Mean time per level.
                   A        B        C        D        E       F      G
               +--------+--------+--------+--------+--------+-----+--------+
         Total |  11922 |  11406 |    516 |   2345 |   7051 |  10 | 1192.2 |
       Dungeon |  11869 |  11353 |    516 |   2345 |   7000 |   9 | 1318.8 |
         Abyss |     53 |     53 |      0 |      0 |     51 |   1 |   53.0 |
               +--------+--------+--------+--------+--------+-----+--------+

Top non-repeatable levels by time:
     D:5: 2454 daAuts
     D:8: 1840 daAuts
     D:7: 1578 daAuts
     D:4: 1296 daAuts
     D:1: 1145 daAuts
     D:6: 1044 daAuts
     D:2: 869 daAuts
     D:3: 836 daAuts
     D:9: 803 daAuts
 Abyss:1: 53 daAuts
